 Dungeon Crawl Stone Soup version 0.26.1-2-gb8aa6d0cf2 (webtiles) character file.

Game seed: 3221319730502530580

5886 grosnain174 the Transmogrifier (level 10, -11/56 HPs)
             Began as a Vine Stalker Transmuter on Feb 21, 2021.
             Was a Priest of Dithmenos.
             Mangled by Gastronok (22 damage)
             ... on level 9 of the Dungeon.
             The game lasted 00:38:20 (12254 turns).

grosnain174 the Transmogrifier (VSTm)              Turns: 12254, Time: 00:38:21

Health: -11/56     AC:  9    Str: 10 (13) XL:     10   Next: 82%
Magic:  0/23       EV: 11    Int: 12 (16) God:    Dithmenos [***...]
Gold:   412        SH:  5    Dex: 14 (17) Spells: 1/13 levels left

rFire    . . .     SeeInvis +   A - +3 whip (elec)
rCold    . . .     Faith    .   c - +0 buckler
rNeg     . . .     Spirit   +   e - +0 leather armour
rPois    .         Reflect  .   H - +2 hat {SInv}
rElec    .         Harm     .   a - +1 cloak {rCorr}
rCorr    +         Rampage  .   B - +0 pair of gloves
Will     ++...                  k - +0 pair of boots
Stlth    ++++......             (no amulet)
HPRegen  0.58/turn              r - ring of magical power
MPRegen  0.18/turn              y - ring of wizardry

@: wreathed by umbra
A: fangs 3, clever 1, deterioration 1, strong-willed 1, regeneration 1, magic
shield, antimagic bite, no potion heal 3
a: Renounce Religion, Shadow Step


You were on level 9 of the Dungeon.
You worshipped Dithmenos.
Dithmenos was most pleased with you.
You visited 2 branches of the dungeon, and saw 10 of its levels.
You also visited: Sewer.

You collected 599 gold pieces.
You spent 187 gold pieces at shops.

Inventory:

Hand Weapons
 A - a +3 whip of electrocution (weapon)
Armour
 a - a +1 cloak of preservation (worn)
 c - a +0 buckler (worn)
 e - a +0 leather armour (worn)
 k - a +0 pair of boots (worn)
 B - a +0 pair of gloves (worn)
 G - a scarf of invisibility
 H - a +2 hat of see invisible (worn)
Jewellery
 d - an uncursed ring of ice
 r - a ring of magical power (left hand)
 y - a ring of wizardry (right hand)
 E - an uncursed ring of fire
Wands
 o - a wand of disintegration (19)
 C - a wand of random effects (16)
 F - a wand of flame (12)
Scrolls
 f - 2 scrolls of teleportation
 g - 5 scrolls of magic mapping
 h - 2 scrolls of blinking
 i - 4 scrolls of fog
 m - 5 scrolls of remove curse
 q - 2 scrolls of fear
Potions
 b - 2 potions of mutation
 j - 4 potions of heal wounds
 l - 2 potions of cancellation
 n - 6 potions of might
 p - 4 potions of curing
 s - 3 potions of ambrosia
 t - a potion of flight
 u - a potion of degeneration
 w - a potion of attraction
 z - 4 potions of haste


   Skills:
 * Level 7.9 Fighting
 - Level 1.5 Dodging
 + Level 6.1 Stealth
 - Level 4.0 Shields
 - Level 5.1 Unarmed Combat
 - Level 2.1 Spellcasting
 + Level 3.0 Translocations
 + Level 8.2 Transmutations
 + Level 3.7 Ice Magic
 - Level 4.0 Poison Magic
 - Level 3.0 Invocations


You had one spell level left.
You knew the following spells:

 Your Spells              Type           Power        Failure   Level
a - Beastly Appendage     Tmut           42%          1%          1
b - Wereblood             Tmut           21%          1%          2
c - Spider Form           Tmut/Pois      7%           3%          3
d - Ice Form              Ice/Tmut       15%          12%         4
e - Blink                 Tloc           N/A          6%          2

Your spell library contained the following spells:

 Spells                   Type           Power        Failure   Level
 Animate Skeleton         Necr           2%           16%         1
 Magic Dart               Conj           4%           16%         1
 Pain                     Necr           4%           16%         1
 Blade Hands              Tmut           10%          14%         5
 Call Imp                 Summ           1%           22%         2
 Slow                     Hex            1%           22%         2
 Mephitic Cloud           Conj/Pois/Air  4%           26%         3
 Conjure Flame            Conj/Fire      1%           38%         3
 Vampiric Draining        Necr           0%           38%         3
 Animate Dead             Necr           0%           78%         4
 Agony                    Necr           1%           98%         5


Dungeon Overview and Level Annotations

Branches:
Dungeon (9/15)             Temple (1/1) D:5            Lair (0/6) D:9
  Sewer (visited)
    Orc: D:9-12

Altars:
Ashenzari
Cheibriados
Dithmenos
Elyvilon
Fedhas
Gozag
Hepliaklqana
Kikubaaqudgha
Makhleb
Nemelex Xobeh
Okawaru
Qazlal
Ru
Sif Muna
Trog
Uskayaw
Vehumet
Wu Jian
Xom
Zin
The Shining One

Shops:
D:7 (   D:8 =:([

Annotations:
D:9 Gastronok


Innate Abilities, Weirdness & Mutations

You have razor-sharp teeth.
Your natural rate of healing is unusually fast.
When hurt, damage is shared between your health and your magic reserves.
Your bite disrupts and absorbs the magic of your enemies.
Potions cannot restore your health.
Your mind is acute. (Int +2)
Your body sometimes deteriorates upon taking damage.
You are strong-willed. (Will+)


Message History

Your +3 whip of electrocution unmelds from your body.
Your +1 cloak of preservation unmelds from your body.
Your +2 hat of see invisible unmelds from your body.
Your +0 pair of gloves unmelds from your body.
Your +0 pair of boots unmelds from your body.
Your +0 buckler unmelds from your body.
Your +0 leather armour unmelds from your body.
You hear the crackle of electricity.
You feel perceptive. The bat closely misses you. The bat barely misses you.
The rat misses you.
You hit Gastronok but do no damage.
Gastronok is heavily wounded.
The bat closely misses you. Gastronok bites you!!
* * * LOW HITPOINT WARNING * * *
The rat bites you but does no damage.
Unknown command.
You hit Gastronok.
Gastronok is heavily wounded.
The bat hits you but does no damage. The rat misses you. Gastronok bites you!!
You die...

..........+.......#.#
..........#.......#.#
........[.#.........#
..#.......#.........#
.##.......#.........#
###.......#....#....#
..#.......#....#....#
..#.......#.)..w....#
..#.......#..<.b@...#
..#.......#......r..#
###....>..#.........#
..........#..######.#
..........#..######.#
.##'#######.........#
+#..................#
...#######..........#
...# #..........#


You could see Gastronok (swift, extremely poisoned), a bat (summoned) and a rat
(summoned).

Vanquished Creatures
  Pikel (D:5)
  Joseph (D:7)
  Grinder (D:6)
  Sigmund (D:6)
  Grum (D:9)
  2 wargs (D:9)
  A water moccasin (D:5)
  4 orc warriors
  3 sky beasts
  4 ice beasts
  7 ogres
  2 wolves (D:9)
  6 centaurs
  5 bullfrogs
  A water moccasin skeleton (D:5)
  A scorpion (D:9)
  8 wights
  A jelly (D:9)
  A howler monkey (D:4)
  2 bullfrog zombies
  5 orc priests
  2 bullfrog skeletons
  2 hounds
  A centaur skeleton (D:7)
  An iguana (D:7)
  10 orc wizards
  5 worker ants
  A hound skeleton (D:4)
  2 worker ant zombies
  4 gnolls
  A howler monkey skeleton (D:5)
  6 river rats
  21 adders
  A white imp (D:9)
  An adder zombie (D:2)
  5 worms
  3 dart slugs
  5 leopard geckos
  20 orcs
  10 bats
  2 giant cockroaches
  8 goblins
  6 hobgoblins
  16 jackals
  3 quokkas
  13 ball pythons (Sewer)
  6 frilled lizards
  6 kobolds
  3 leopard gecko skeletons
  34 rats
256 creatures vanquished.

Vanquished Creatures (others)
  An ogre (D:9)
  2 human simulacra (D:9)
3 creatures vanquished.

Grand Total: 259 creatures vanquished

Notes
Turn   | Place    | Note
-------+----------+-------------------------------------------
     0 | D:1      | grosnain174 the Vine Stalker Transmuter began the quest for
                  | the Orb.
     0 | D:1      | Reached XP level 1. HP: 9/9 MP: 4/4
    31 | D:1      | Reached skill level 1 in Fighting
    90 | D:1      | Reached XP level 2. HP: 8/14 MP: 4/6
   730 | D:1      | Learned a level 2 spell: Wereblood
   965 | D:1      | Reached XP level 3. HP: 18/18 MP: 5/7
  2027 | D:2      | Reached skill level 3 in Transmutations
  2027 | D:2      | Gained mutation: Your natural rate of healing is unusually
                  | fast. [Vine Stalker growth]
  2027 | D:2      | Reached XP level 4. HP: 22/23 MP: 8/8
  2218 | D:2      | Found an iron altar of Okawaru.
  2230 | D:2      | Reached skill level 1 in Stealth
  2821 | D:3      | Learned a level 3 spell: Spider Form
  2931 | D:3      | Reached XP level 5. HP: 26/27 MP: 9/9
  3101 | D:3      | Found a glowing silver altar of Zin.
  3170 | D:3      | Found a hazy altar of Hepliaklqana.
  3173 | D:3      | Found a broken altar of Ashenzari.
  3599 | D:4      | Gained mutation: You are strong-willed. (Will+) [potion of
                  | mutation]
  3599 | D:4      | Gained mutation: Your body sometimes deteriorates upon
                  | taking damage. [potion of mutation]
  3599 | D:4      | Gained mutation: Your mind is acute. (Int +2) [potion of
                  | mutation]
  3601 | D:4      | HP: 1/27 [adder (2)]
  3930 | D:4      | Reached XP level 6. HP: 29/32 MP: 10/10
  3943 | D:4      | Reached skill level 4 in Transmutations
  3943 | D:4      | Reached skill level 1 in Poison Magic
  4423 | D:4      | Reached skill level 1 in Shields
  4476 | D:4      | Reached XP level 7. HP: 34/36 MP: 11/11
  4528 | D:5      | Entered Level 5 of the Dungeon
  5031 | D:5      | Noticed a yak
  5032 | D:5      | Noticed a yak
  5195 | D:5      | Reached skill level 5 in Transmutations
  5270 | D:5      | Gained mutation: You have razor-sharp teeth. [Vine Stalker
                  | growth]
  5270 | D:5      | Reached XP level 8. HP: 36/42 MP: 12/12
  5416 | D:5      | Found a staircase to the Ecumenical Temple.
  5422 | Temple   | Entered the Ecumenical Temple
  5602 | Temple   | Became a worshipper of Dithmenos the Shadowed
  6108 | D:6      | Found a glowing drain.
  6119 | Sewer    | Entered a sewer
  6248 | Sewer    | Reached * piety under Dithmenos
  6671 | Sewer    | Reached ** piety under Dithmenos
  6954 | D:6      | Noticed Sigmund
  7054 | D:6      | Noticed Pikel
  7131 | D:5      | Killed Pikel
  7132 | D:5      | Reached skill level 5 in Fighting
  7132 | D:5      | Reached skill level 5 in Unarmed Combat
  7132 | D:5      | Reached skill level 6 in Transmutations
  7132 | D:5      | Reached XP level 9. HP: 32/47 MP: 9/13
  7388 | D:6      | Learned a level 4 spell: Ice Form
  7604 | D:6      | Reached skill level 1 in Invocations
  8358 | D:6      | Killed Sigmund
  8359 | D:6      | Reached skill level 1 in Ice Magic
  8396 | D:6      | Noticed Grinder
  8404 | D:6      | Killed Grinder
  8405 | D:6      | Reached skill level 7 in Transmutations
  8466 | D:7      | Found Jucipp's Antique Weapon Boutique.
  8618 | D:7      | Learned a level 2 spell: Blink
  8687 | D:7      | Reached XP level 10. HP: 40/53 MP: 14/14
  8853 | D:7      | Found a shadowy altar of Dithmenos.
  9083 | D:7      | Reached skill level 1 in Translocations
  9202 | D:7      | Reached *** piety under Dithmenos
  9289 | D:7      | Noticed Joseph
  9312 | D:7      | Killed Joseph
  9691 | D:8      | Reached skill level 5 in Stealth
  9738 | D:8      | Found Waomesma's Antique Weapon Emporium.
 10124 | D:8      | Found Ygaamul's Antique Armour Boutique.
 10127 | D:8      | Bought a glowing cloak for 187 gold pieces
 10221 | D:8      | Found a glowing golden altar of the Shining One.
 10358 | D:8      | Found Uckich's Jewellery Emporium.
 10358 | D:8      | Noticed a four-headed hydra
 10708 | D:8      | Found Iceun's Book Boutique.
 11183 | D:9      | Noticed Gastronok
 11439 | D:9      | Noticed Grum
 11617 | D:9      | Reached skill level 8 in Transmutations
 11662 | D:9      | Killed Grum
 11964 | D:9      | Found a staircase to the Lair.
 12254 | D:9      | Mangled by Gastronok

Illustrated notes

Levels and vault maps discovered:
D:1:      saegor_arrival_simple_c, layout_basic, minivault_25
D:2:      layout_basic, nicolae_overflow_hidden_temple
D:3:      layout_basic, grunt_temple_overflow_open, kennysheep_big_empty_room
D:4:      layout_rooms
D:5:      layout_basic, minmay_temple_entry_fiery, minivault_14
D:6:      layout_basic, lightli_sewer_entry_pipes, uniq_pikel, uniq_grinder,
          uniq_sigmund
D:7:      layout_basic, basic_altar, serial_shops,
          nicolae_shop_overgrown_old_shop, uniq_joseph
D:8:      layout_basic, tso_altar, serial_shops, nicolae_shop_statue_plus,
          nicolae_shop_behind_doors, shop_fountains, shop
D:9:      layout_stronghold, yredelemnul_forgotten_temple_becter,
          erik_lair_orcish_takeover, bh_circular_ruins, uniq_gastronok,
          uniq_grum
Temple:   nicolae_temple_elliptical

Skill      XL: |  1  2  3  4  5  6  7  8  9 10 |
---------------+-------------------------------+-----
Fighting       | 1 2 3 4 5 6 7 |  7.9
Transmutations | 3 4 5 6 7 8 |  8.2
Stealth        | 1 2 4 6 |  6.1
Poison Magic   | 1 2 3 4 |  4.0
Unarmed Combat | 4 5 |  5.1
Shields        | 1 2 4 |  4.0
Invocations    | 2 3 |  3.0
Ice Magic      | 2 3 |  3.7
Translocations | 3 |  3.0
Dodging        | |  1.5
Spellcasting   | |  2.1

Action                   |  1- 3 |  4- 6 |  7- 9 | 10-12 || total
-------------------------+-------+-------+-------+-------++-------
Melee: Unarmed           |   114 |   191 |   310 |   106 ||   721
       Headbutt          |     6 |    14 |    27 |       ||    47
       Bite              |    23 |    48 |    87 |    49 ||   207
       Kick              |     9 |    18 |    39 |       ||    66
       Punch             |       |     5 |     3 |       ||     8
       Whip              |       |       |    90 |   198 ||   288
 Cast: Beastly Appendage |     7 |    13 |    25 |       ||    45
       Spider Form       |       |     1 |     9 |    10 ||    20
       Wereblood         |       |       |     9 |     1 ||    10
Evoke: Wand              |       |       |       |     2 ||     2
  Use: Scroll            |       |     5 |     3 |    10 ||    18
       Potion            |       |     3 |       |       ||     3
 Stab: Sleeping          |       |       |     5 |    10 ||    15
       Distracted        |       |       |     1 |       ||     1
Armor: Leather armour    |    41 |    42 |    58 |    57 ||   198
       Robe              |     1 |       |       |       ||     1
       Skin              |       |       |     7 |     4 ||    11
Dodge: Dodged            |    68 |   118 |   340 |   192 ||   718
Block: Buckler           |       |       |    20 |    41 ||    61
